PAAA
PLYMOUTH ROCKS @ BAKERSFIELD NOBLES
08/01/2030
 
TOP OF THE 1ST
Plymouth Rocks batting - Pitching for Bakersfield Nobles : RHP Cameron Frye
Pitching: RHP Cameron Frye
Batting: LHB Edgardo De Jesús 0-0: Ball
1-0: Ball
2-0: Called Strike
2-1: Called Strike
2-2: Foul Ball, location: 2F
2-2: Ball
3-2: Foul Ball, location: 2F
3-2: Ground out 6-3 (Groundball, 6)
Batting: SHB Raúl Duarte 0-0: Swinging Strike
0-1: Ball
1-1: Ball
2-1: Swinging Strike
2-2: Foul Ball, location: 2F
2-2: Foul Ball, location: 2F
2-2: Ball
3-2: Ground out 4-3 (Groundball, 4)
Batting: LHB José Castillo 0-0: Ball
1-0: Ball
2-0: Called Strike
2-1: Foul Ball, location: 2F
2-2: Ball
3-2: Foul Ball, location: 2F
3-2: Foul Ball, location: 2F
3-2: Foul Ball, location: 2F
3-2: Foul Ball, location: 2F
3-2: Base on Balls
Batting: SHB Javier Vega 0-0: Foul Ball, location: 2F
0-1: Foul Ball, location: 2F
0-2: Strikes out swinging
Top of the 1st over - 0 runs, 0 hits, 0 errors, 1 left on base; Plymouth 0 - Bakersfield 0
BOTTOM OF THE 1ST
Bakersfield Nobles batting - Pitching for Plymouth Rocks : RHP Sy-ing Tah
Pitching: RHP Sy-ing Tah
Batting: RHB Jesús Orozco 0-0: Foul Ball, location: 2F
0-1: SINGLE (Line Drive, 4M)
Batting: LHB Ramón Félix 0-0: Ball
1-0: Swinging Strike
1-1: Ball
2-1: Foul Ball, location: 2F
2-2: Ball
3-2: Foul Ball, location: 2F
3-2: Ground out 4-3 (Groundball, 4)
Jesús Orozco to second
Batting: LHB Bill Chambers 0-0: Ground out 6-3 (Groundball, 6)
Batting: LHB Hideki Hisanobu 0-0: Called Strike
0-1: Fly out, F4 (Line Drive, 34D)
Bottom of the 1st over - 0 runs, 1 hit, 0 errors, 1 left on base; Plymouth 0 - Bakersfield 0
TOP OF THE 2ND
Plymouth Rocks batting - Pitching for Bakersfield Nobles : RHP Cameron Frye
Batting: RHB Cosmo Bjorkenheim 0-0: Ball
1-0: Called Strike
1-1: Foul Ball, location: 2F
1-2: Ball
2-2: Ball
3-2: SINGLE (Groundball, 6MD)
Batting: SHB Roku Hara 0-0: DOUBLE (Flyball, 78XD)
Cosmo Bjorkenheim to third
Batting: RHB Gene Lucero 0-0: Called Strike
0-1: Ball
1-1: Swinging Strike
1-2: Foul Ball, location: 2F
1-2: Ball
Wild Pitch!
Cosmo Bjorkenheim scores
Roku Hara to third
2-2: Foul Ball, location: 2F
2-2: Strikes out swinging
Batting: SHB Raúl Rodríguez 0-0: Ball
1-0: Foul Ball, location: 2F
1-1: Swinging Strike
1-2: Ball
2-2: Ball
3-2: SINGLE (Flyball, 78M)
Roku Hara scores
Batting: RHB Luis Guerrero 0-0: Ball
1-0: Foul Ball, location: 2F
1-1: Ball
2-1: Ball
3-1: Base on Balls
Raúl Rodríguez to second
Batting: LHB Edgardo De Jesús 0-0: Fielders Choice at 2nd, 3-6 (Groundball, 3)
Raúl Rodríguez to third
Batting: SHB Raúl Duarte 0-0: Ball
1-0: Called Strike
1-1: Fly out, F7 (Flyball, 7LSF)
Top of the 2nd over - 2 runs, 3 hits, 0 errors, 2 left on base; Plymouth 2 - Bakersfield 0
BOTTOM OF THE 2ND
Bakersfield Nobles batting - Pitching for Plymouth Rocks : RHP Sy-ing Tah
Batting: RHB Marcos Reyes 0-0: Ball
1-0: Ball
2-0: Foul Ball, location: 2F
2-1: Ball
3-1: Foul Ball, location: 2F
3-2: Base on Balls
Batting: RHB Juan Tellado 0-0: Swinging Strike
0-1: Ball
1-1: Called Strike
1-2: Strikes out swinging
Batting: RHB Mario Blanco 0-0: Called Strike
0-1: Ball
1-1: Fielders Choice at 2nd, 6-4 (Groundball, 6)
Batting: RHB António Ramírez 0-0: Foul Ball, location: 2F
0-1: Called Strike
Mario Blanco steals 2nd base
0-2: Fly out, F8 (Flyball, 8RS)
Bottom of the 2nd over - 0 runs, 0 hits, 0 errors, 1 left on base; Plymouth 2 - Bakersfield 0
TOP OF THE 3RD
Plymouth Rocks batting - Pitching for Bakersfield Nobles : RHP Cameron Frye
Batting: LHB José Castillo 0-0: Ball
1-0: Called Strike
1-1: Called Strike
1-2: Strikes out swinging
Batting: SHB Javier Vega 0-0: Called Strike
0-1: Called Strike
0-2: Ball
1-2: Strikes out swinging
Batting: RHB Cosmo Bjorkenheim 0-0: Swinging Strike
0-1: Foul Ball, location: 2F
0-2: Strikes out swinging
Top of the 3rd over - 0 runs, 0 hits, 0 errors, 0 left on base; Plymouth 2 - Bakersfield 0
BOTTOM OF THE 3RD
Bakersfield Nobles batting - Pitching for Plymouth Rocks : RHP Sy-ing Tah
Batting: RHB Leonardo Ramírez 0-0: Foul Ball, location: 2F
0-1: Foul Ball, location: 2F
0-2: Foul Ball, location: 2F
0-2: Strikes out looking
Batting: RHB Jesús Orozco 0-0: Foul Ball, location: 2F
0-1: Foul Ball, location: 2F
0-2: Ball
1-2: Ball
2-2: Ground out 3-1 (Groundball, 34)
Batting: LHB Ramón Félix 0-0: Foul Ball, location: 2F
0-1: Foul Ball, location: 2F
0-2: Ball
1-2: Fly out, F7 (Flyball, 78D)
Bottom of the 3rd over - 0 runs, 0 hits, 0 errors, 0 left on base; Plymouth 2 - Bakersfield 0
TOP OF THE 4TH
Plymouth Rocks batting - Pitching for Bakersfield Nobles : RHP Cameron Frye
Batting: SHB Roku Hara 0-0: Called Strike
0-1: Ball
1-1: Ball
2-1: SINGLE (Flyball, 7S)
Batting: RHB Gene Lucero 0-0: SINGLE (Line Drive, 8LS)
Roku Hara to second
Batting: SHB Raúl Rodríguez 0-0: Grounds into double play, 3-6-1 (Groundball, 34)
Roku Hara to third
Batting: RHB Luis Guerrero 0-0: Ball
1-0: Called Strike
1-1: Ball
Wild Pitch!
Roku Hara scores
2-1: Fly out, F7 (Flyball, 8LS)
Top of the 4th over - 1 run, 2 hits, 0 errors, 0 left on base; Plymouth 3 - Bakersfield 0
BOTTOM OF THE 4TH
Bakersfield Nobles batting - Pitching for Plymouth Rocks : RHP Sy-ing Tah
Batting: LHB Bill Chambers 0-0: Foul Ball, location: 2F
0-1: Ball
1-1: Foul Ball, location: 2F
1-2: Fly out, F5 (Popup, 25F)
Batting: LHB Hideki Hisanobu 0-0: Ball
1-0: Foul Ball, location: 2F
1-1: Ball
2-1: Foul Ball, location: 2F
2-2: Foul Ball, location: 2F
2-2: Fly out, F8 (Line Drive, 78D)
Batting: RHB Marcos Reyes 0-0: Foul Ball, location: 2F
0-1: Ball
1-1: Foul Ball, location: 2F
1-2: Ball
2-2: Ground out 6-3 (Groundball, 6)
Bottom of the 4th over - 0 runs, 0 hits, 0 errors, 0 left on base; Plymouth 3 - Bakersfield 0
TOP OF THE 5TH
Plymouth Rocks batting - Pitching for Bakersfield Nobles : RHP Cameron Frye
Batting: LHB Edgardo De Jesús 0-0: Called Strike
0-1: Ball
1-1: Foul Ball, location: 2F
1-2: Foul Ball, location: 2F
1-2: Strikes out swinging
Batting: SHB Raúl Duarte 0-0: SINGLE (Groundball, 4M) (infield hit)
Batting: LHB José Castillo 0-0: Called Strike
0-1: Foul Ball, location: 2F
0-2: Ball
1-2: Foul Ball, location: 2F
1-2: Ball
2-2: Foul Ball, location: 2F
2-2: Fly out, F8 (Flyball, 8LD)
Batting: SHB Javier Vega 0-0: Ball
1-0: Called Strike
1-1: Foul Ball, location: 2F
1-2: Foul Ball, location: 2F
1-2: Ball
2-2: Foul Ball, location: 2F
2-2: Strikes out looking
Top of the 5th over - 0 runs, 1 hit, 0 errors, 1 left on base; Plymouth 3 - Bakersfield 0
BOTTOM OF THE 5TH
Bakersfield Nobles batting - Pitching for Plymouth Rocks : RHP Sy-ing Tah
Batting: RHB Juan Tellado 0-0: Ball
1-0: Swinging Strike
1-1: Swinging Strike
1-2: Ball
2-2: Strikes out swinging
Batting: RHB Mario Blanco 0-0: Called Strike
0-1: Ball
1-1: Swinging Strike
1-2: Strikes out looking
Batting: RHB António Ramírez 0-0: Called Strike
0-1: Foul Ball, location: 2F
0-2: Ball
1-2: Foul Ball, location: 2F
1-2: Ground out 1-3 (Groundball, 15S)
Bottom of the 5th over - 0 runs, 0 hits, 0 errors, 0 left on base; Plymouth 3 - Bakersfield 0
TOP OF THE 6TH
Plymouth Rocks batting - Pitching for Bakersfield Nobles : RHP Cameron Frye
Batting: RHB Cosmo Bjorkenheim 0-0: Hit by Pitch
Batting: SHB Roku Hara 0-0: Ball
1-0: Swinging Strike
1-1: Fly out, F4 (Line Drive, 4M)
Pitching: RHP Collin Hill
Batting: RHB Gene Lucero 0-0: Called Strike
0-1: SINGLE (Groundball, 25) (infield hit)
Cosmo Bjorkenheim to second
Batting: SHB Raúl Rodríguez 0-0: Called Strike
0-1: Ball
1-1: Fly out, F8 (Flyball, 8LM)
Batting: RHB Luis Guerrero 0-0: Swinging Strike
Passed Ball!
Cosmo Bjorkenheim to third
Gene Lucero to second
0-1: Fly out, F7 (Flyball, 7S)
Top of the 6th over - 0 runs, 1 hit, 0 errors, 2 left on base; Plymouth 3 - Bakersfield 0
BOTTOM OF THE 6TH
Bakersfield Nobles batting - Pitching for Plymouth Rocks : RHP Sy-ing Tah
Batting: RHB Leonardo Ramírez 0-0: Ball
1-0: Called Strike
1-1: Called Strike
1-2: Fly out, F8 (Flyball, 89D)
Batting: RHB Jesús Orozco 0-0: Called Strike
0-1: Ball
1-1: Foul Ball, location: 2F
1-2: Ground out 4-3 (Groundball, 4M)
Batting: LHB Ramón Félix 0-0: Ball
1-0: Called Strike
1-1: Ball
2-1: Ball
3-1: Foul Ball, location: 2F
3-2: Foul Ball, location: 2F
3-2: Foul Ball, location: 2F
3-2: Base on Balls
Batting: LHB Bill Chambers Pickoff Throw to First - Out!
Bottom of the 6th over - 0 runs, 0 hits, 0 errors, 0 left on base; Plymouth 3 - Bakersfield 0
TOP OF THE 7TH
Plymouth Rocks batting - Pitching for Bakersfield Nobles : RHP Collin Hill
Batting: LHB Edgardo De Jesús 0-0: Foul Ball, location: 2F
0-1: Ground out 5-3 (Groundball, 56)
Batting: SHB Raúl Duarte 0-0: Called Strike
0-1: Foul Ball, location: 2F
0-2: Ground out 5-3 (Groundball, 56)
Batting: LHB José Castillo 0-0: Foul Ball, location: 2F
0-1: Ball
1-1: Ball
2-1: Swinging Strike
2-2: SOLO HOME RUN (Flyball, 9D), Distance : 365 ft
Batting: SHB Javier Vega 0-0: Fly out, F7 (Flyball, 78D)
Top of the 7th over - 1 run, 1 hit, 0 errors, 0 left on base; Plymouth 4 - Bakersfield 0
BOTTOM OF THE 7TH
Bakersfield Nobles batting - Pitching for Plymouth Rocks : RHP Sy-ing Tah
Batting: LHB Bill Chambers 0-0: Called Strike
0-1: Ball
1-1: Ball
2-1: Ball
3-1: Foul Ball, location: 2F
3-2: Base on Balls
Batting: LHB Hideki Hisanobu 0-0: Foul Ball, location: 2F
0-1: Ball
1-1: Fly out, F8 (Flyball, 8RS)
Batting: RHB Marcos Reyes 0-0: Foul Ball, location: 2F
0-1: Swinging Strike
0-2: SINGLE (Line Drive, 8LS)
Bill Chambers to second
Batting: RHB Juan Tellado 0-0: Called Strike
0-1: Foul Ball, location: 2F
0-2: Ball
Wild Pitch!
Bill Chambers to third
Marcos Reyes to second
1-2: Ball
2-2: Ball
3-2: Ground out 5-3 (Groundball, 56)
Bill Chambers scores
Batting: RHB Mario Blanco 0-0: Foul Ball, location: 2F
0-1: Ground out 4-3 (Groundball, 34)
Bottom of the 7th over - 1 run, 1 hit, 0 errors, 1 left on base; Plymouth 4 - Bakersfield 1
TOP OF THE 8TH
Plymouth Rocks batting - Pitching for Bakersfield Nobles : RHP Collin Hill
Batting: RHB Cosmo Bjorkenheim 0-0: Ball
1-0: Foul Ball, location: 2F
1-1: Called Strike
1-2: Foul Ball, location: 2F
1-2: Foul Ball, location: 2F
1-2: Ball
2-2: Foul Ball, location: 2F
2-2: Foul Ball, location: 2F
2-2: Strikes out swinging
Batting: SHB Roku Hara 0-0: Ball
1-0: Ball
2-0: Fly out, F8 (Flyball, 8RD)
Batting: RHB Gene Lucero 0-0: Foul Ball, location: 2F
0-1: Ball
1-1: Ball
2-1: Foul Ball, location: 2F
2-2: Fly out, F7 (Line Drive, 7)
Top of the 8th over - 0 runs, 0 hits, 0 errors, 0 left on base; Plymouth 4 - Bakersfield 1
BOTTOM OF THE 8TH
Bakersfield Nobles batting - Pitching for Plymouth Rocks : RHP Sy-ing Tah
Batting: RHB António Ramírez 0-0: Ground out U3 (Groundball, 3L)
Batting: RHB Leonardo Ramírez 0-0: Foul Ball, location: 2F
0-1: Ball
1-1: Foul Ball, location: 2F
1-2: Strikes out swinging
Batting: RHB Jesús Orozco 0-0: Called Strike
0-1: Foul Ball, location: 2F
0-2: Foul Ball, location: 2F
0-2: Ball
1-2: Foul Ball, location: 2F
1-2: Foul Ball, location: 2F
1-2: Ball
2-2: Ball
3-2: SINGLE (Groundball, 34D)
Pitching: RHP Frank Castle
Batting: LHB Ramón Félix 0-0: Called Strike
0-1: Fly out, F3 (Popup, 23F)
Bottom of the 8th over - 0 runs, 1 hit, 0 errors, 1 left on base; Plymouth 4 - Bakersfield 1
TOP OF THE 9TH
Plymouth Rocks batting - Pitching for Bakersfield Nobles : RHP Collin Hill
Batting: SHB Raúl Rodríguez 0-0: Ball
1-0: Foul Ball, location: 2F
1-1: Called Strike
1-2: Ball
2-2: SINGLE (Line Drive, 89S)
Batting: RHB Luis Guerrero 0-0: Ball
1-0: Bunted foul
1-1: Sac Bunt - play at first, batter OUT! 1-4
Raúl Rodríguez to second
Pitching: LHP Luis Ochoa
Batting: LHB Edgardo De Jesús 0-0: Called Strike
0-1: Called Strike
0-2: SINGLE (Line Drive, 89S)
Raúl Rodríguez to third
Runner from 3rd tries for Home, SAFE, no throw
Batting: SHB Raúl Duarte 0-0: Ball
1-0: Ball
2-0: Ball
3-0: Called Strike
3-1: Called Strike
3-2: Fielders Choice at 2nd, 4-6 (Groundball, 4)
Batting: LHB José Castillo 0-0: Called Strike
Raúl Duarte steals 2nd base
0-1: Called Strike
0-2: Ball
1-2: Strikes out swinging
Top of the 9th over - 1 run, 2 hits, 0 errors, 1 left on base; Plymouth 5 - Bakersfield 1
BOTTOM OF THE 9TH
Bakersfield Nobles batting - Pitching for Plymouth Rocks : RHP Frank Castle
Pitching: LHP Roberto Aguirre
Batting: LHB Bill Chambers 0-0: Ball
1-0: Swinging Strike
1-1: Fly out, F8 (Flyball, 8LS)
Batting: LHB Hideki Hisanobu 0-0: Called Strike
0-1: Ball
1-1: Ball
2-1: Foul Ball, location: 2F
2-2: Foul Ball, location: 2F
2-2: DOUBLE (Groundball, 3L)
Batting: RHB Marcos Reyes 0-0: Foul Ball, location: 2F
0-1: Ball
1-1: Foul Ball, location: 2F
1-2: Foul Ball, location: 2F
1-2: Ball
2-2: Foul Ball, location: 2F
2-2: Ball
3-2: Fly out, F9 (Flyball, 9)
Batting: RHB Juan Tellado 0-0: Ball
1-0: Ball
2-0: Ball
3-0: Called Strike
3-1: Base on Balls
Batting: RHB Mario Blanco 0-0: Swinging Strike
0-1: Fly out, F7 (Flyball, 78S)
Bottom of the 9th over - 0 runs, 1 hit, 0 errors, 2 left on base; Plymouth 5 - Bakersfield 1
Sunday, March 18th, 2018 - OOTP Baseball 18.8 Build 76